 Dungeon Crawl Stone Soup version 0.30.0 (webtiles) character file.

Game seed: 1571929193368842975

47924 arghonaut the Geomancer (level 14, 0/88 HPs)
             Began as a Gargoyle Earth Elementalist on May 20, 2023.
             Was a High Priest of Vehumet.
             Killed by divine providence
             ... invoked by a smoke demon
             ... summoned by an orc sorcerer
              (11 damage)
             ... on level 2 of the Orcish Mines.
             The game lasted 00:50:13 (21671 turns).

arghonaut the Geomancer (GrEE)                     Turns: 21671, Time: 00:50:13

Health: 0/88       AC: 23    Str:  9    XL:     14   Next: 44%
Magic:  19/29      EV: 15    Int: 27    God:    Vehumet [*****.]
Gold:   1597       SH:  3    Dex: 16    Spells: 7/36 levels left

rFire   . . .        D - +1 dagger (elec)
rCold   + + .        Y - +0 buckler
rNeg    + + +        h - +1 robe {Will+}
rPois   ∞            p - +2 helmet
rElec   +            Z - +2 cloak
rCorr   +            x - +0 pair of gloves
SInv    .            B - +2 pair of boots
Will    ++...        V - amulet of Absolutism {Acrobat Fly rC++ rCorr Str-3}
Stlth   ++           I - ring "Rijoep" {Fly rElec rN++ Dex+6 Slay-5}
HPRegen 0.34/turn    S - +6 ring of intelligence
MPRegen 0.21/turn

%: acrobat
@: flying
A: sickness immunity, AC +10, big wings, negative energy resistance 1,
electricity resistance, torment resistance 1, petrification resistance
a: Renounce Religion


You were on level 2 of the Orcish Mines.
You worshipped Vehumet.
Vehumet was extremely pleased with you.
You visited 4 branches of the dungeon, and saw 19 of its levels.
You also visited: Sewer and Ossuary.

You collected 1633 gold pieces.
You spent 36 gold pieces at shops.

Inventory:

Hand Weapons
 D - a +1 dagger of electrocution (weapon)
Missiles
 v - 4 throwing nets
Armour
 h - a +1 robe of willpower (worn)
 p - a +2 helmet (worn)
 x - a +0 pair of gloves (worn)
 B - a +2 pair of boots (worn)
 Y - a +0 buckler (worn)
 Z - a +2 cloak (worn)
Jewellery
 I - the ring "Rijoep" (left hand) {Fly rElec rN++ Dex+6 Slay-5}
   (You found it on level 6 of the Dungeon)

   [ring of dexterity]

   Dex:       It affects your dexterity (+6).
   Slay:      It affects your accuracy & damage with ranged weapons and melee
   (-5).
   rElec:     It insulates you from electricity.
   rN:        It greatly protects you from negative energy.
   Fly:       It grants you flight.
 S - a +6 ring of intelligence (right hand)
 V - the amulet of Absolutism (around neck) {Acrobat Fly rC++ rCorr Str-3}
   (You found it on level 10 of the Dungeon)

   [amulet of the acrobat]

   It increases your evasion while moving and waiting.
   Str:       It affects your strength (-3).
   rC:        It greatly protects you from cold.
   Fly:       It grants you flight.
   rCorr:     It protects you from acid and corrosion.
 W - a ring of see invisible
Wands
 C - a wand of polymorph (1)
 K - a wand of charming (11)
 O - a wand of iceblast (10)
 P - a wand of flame (44)
Scrolls
 c - a scroll of enchant armour
 e - a scroll of torment {unknown}
 f - 7 scrolls of teleportation
 m - 2 scrolls of poison
 o - 2 scrolls of silence
 r - a scroll of brand weapon {unknown}
 w - 7 scrolls of fog
 A - 3 scrolls of immolation
 E - 2 scrolls of fear
 G - 3 scrolls of magic mapping
 N - a scroll of acquirement {unknown}
 R - 3 scrolls of vulnerability
 X - a scroll of blinking {unknown}
Potions
 b - 2 potions of magic
 d - a potion of heal wounds
 g - 3 potions of attraction
 i - 5 potions of cancellation
 j - 2 potions of mutation {unknown}
 k - 2 potions of resistance {unknown}
 l - 2 potions of degeneration {unknown}
 n - 5 potions of haste
 q - 10 potions of curing
 t - 4 potions of ambrosia
 F - a potion of experience {unknown}
 L - 2 potions of invisibility {unknown}
 M - 2 potions of berserk rage {unknown}
 Q - 2 potions of lignification {unknown}
 T - 2 potions of brilliance {unknown}
 U - 4 potions of might


   Skills:
 + Level 10.3 Fighting
 - Level 8.0 Dodging
 - Level 2.1 Stealth
 + Level 11.8 Spellcasting
 - Level 12.0 Conjurations
 - Level 6.0 Transmutations
 - Level 14.0 Earth Magic


You had 7 spell levels left.
You knew the following spells:

 Your Spells              Type           Power      Damage    Failure   Level
a - Sandblast             Erth           100%       2d20      0%          1
b - Stone Arrow           Conj/Erth      100%       3d13      1%          3
c - Passwall              Tmut/Erth      52%        N/A       1%          2
d - Mephitic Cloud        Conj/Pois/Air  37%        N/A       1%          3
e - Airstrike             Air            7%         2d(2-18)  16%         4
f - Iron Shot             Conj/Erth      36%        9d7       1%          6
g - Irradiate             Conj/Tmut      29%        3d21      1%          5
h - Lee's Rapid Deconstr  Erth           37%        3d19*     1%          5

Your spell library contained the following spells:

 Spells                   Type           Power      Damage    Failure   Level
 Eringya's Noxious Bog    Tmut/Pois      16%        N/A       50%         6
 Sting                    Tmut/Pois      100%       1d8       1%          1
 Static Discharge         Conj/Air       96%        2-6/arc   1%          2
 Flame Wave               Conj/Fire      48%        2d12      1%          4
 Petrify                  Tmut/Erth      63%        N/A       1%          4
 Poisonous Vapours        Pois/Air       30%        N/A       2%          2
 Scorch                   Fire           30%        2d6       2%          2
 Summon Small Mammal      Summ           60%        N/A       5%          1
 Ensorcelled Hibernation  Hex/Ice        30%        N/A       9%          2
 Freezing Cloud           Conj/Ice/Air   18%        6-21      9%          5
 Olgreb's Toxic Radiance  Pois           15%        N/A       16%         4
 Call Canine Familiar     Summ           15%        N/A       17%         3
 Summon Guardian Golem    Hex/Summ       15%        N/A       17%         3
 Swiftness                Air            15%        N/A       17%         3
 Summon Lightning Spire   Summ/Air       15%        N/A       50%         4
 Summon Cactus Giant      Summ           7%         N/A       100%        6
 Sublimation of Blood     Necr           Unusable   N/A       N/A         2

Dungeon Overview and Level Annotations

Branches:
Dungeon (11/15)            Temple (1/1) D:4            Lair (5/5) D:10
  Swamp (0/4) Lair:2       Spider (0/4) Lair:2        Slime (0/5) Lair:4
    Orc (2/2) D:9           Sewer (visited)         Ossuary (visited)
    Elf: Orc:2

Altars:
Ashenzari
Cheibriados
Dithmenos
Elyvilon
Fedhas
Gozag
Hepliaklqana
Kikubaaqudgha
Okawaru
Qazlal
Ru
Sif Muna
Trog
Uskayaw
Vehumet
Wu Jian
Xom
Yredelemnul
Zin
The Shining One
Jiyva

Shops:
D:2 *   D:7 (   Orc:1 *


Innate Abilities, Weirdness & Mutations

You are immune to sickness and miasma.
Your stone body is resilient. (AC +10)
You are immune to poison.
Your large and strong wings let you fly.
You resist negative energy. (rN+)
You are resistant to electric shocks. (rElec)
You are resistant to unholy torment.
You are immune to petrification.


Message History

Aim: an orc priest, wielding a +0 club and wearing a +0 ring mail (81% to hit)
The stone arrow hits the orc priest!!
You kill the orc priest!
Vehumet accepts your kill.
You feel your power returning.
The orc sorcerer gestures wildly while chanting.
You hear a shout! x4
Casting: Stone Arrow (safe; 1% risk of failure)
Confirm with . or Enter, or press ? or * to list all spells.
Aiming: Stone Arrow (safe; 1% risk of failure)
Press: ? - help, Shift-Dir - straight line, f - orc priest
Aim: an orc priest, wielding a +0 war axe (78% to hit)
The stone arrow hits the orc priest!
You kill the orc priest!
Vehumet accepts your kill.
You feel your power returning.
The orc priest calls down the wrath of Beogh upon you.
You resist with almost no effort.
The orc sorcerer points at you and mumbles some strange words.
The bolt of negative energy hits the orc priest!!
The orc priest is drained!
The orc priest dies!
The bolt of negative energy hits you but does no damage.
You resist. The smoke demon gestures at you. Something smites you!
* * * LOW HITPOINT WARNING * * *
You hear a shout! x2
Casting: Stone Arrow (safe; 1% risk of failure)
Confirm with . or Enter, or press ? or * to list all spells.
Aiming: Stone Arrow (safe; 1% risk of failure)
Press: ? - help, Shift-Dir - straight line, f - orc priest
Aim: an orc priest, wielding a +0 flail (78% to hit)
The stone arrow hits the orc priest!!
You kill the orc priest!
Vehumet accepts your kill.
You feel your power returning. The smoke demon gestures at you.
Something smites you!
You die...

#.....#....#....
...#............
..###...#.......
.# #...#.#.....
###.#......#
##.........##
#.........##
##........#
##..@.#..#
##.)o#..#
#.O.)..#
##..#).#
###..o.. .....3
...... ...#..


You could see a smoke demon (summoned), an orc sorcerer, an ogre and an orc
priest.

Vanquished Creatures
  An azure jelly (Lair:4)
  An orc warlord (Orc:2)
  A fire dragon (Lair:5)
  Erolcha (Orc:1)
  4 hydras
  A two-headed ogre (D:9)
  A boulder beetle (D:10)
  Amaemon (Lair:2)
  A skyshark (Lair:5)
  2 lindwurms (Lair:5)
  A bog body (Lair:2)
  An oklob plant (D:10)
  A cyclops (D:10)
  6 elephants (Lair:5)
  10 black mambas
  An orange demon (Lair:2)
  3 torpor snails
  3 molten gargoyles (Lair:5)
  11 cane toads
  A gargoyle (D:10)
  A rime drake (Lair:4)
  6 komodo dragons
  An unseen horror (D:10)
  A burning bush (Lair:2)
  5 trolls
  A polar bear (Lair:5)
  2 hornets
  5 blink frogs
  2 dream sheep (Lair:3)
  2 slime creatures (Lair:4)
  A vampire (D:11)
  3 shadows
  4 wyverns
  44 yaks
  4 wraiths
  Grum (D:8)
  6 basilisks
  A steam dragon (D:10)
  An acid dragon (D:10)
  2 two-headed ogre zombies (D:9)
  15 water moccasins
  A warg (Orc:1)
  3 swamp worms (Lair:2)
  4 hell hounds (Lair:5)
  19 orc warriors
  2 black bears
  2 sky beasts (D:7)
  7 ogres
  5 centaurs
  23 wolves
  4 phantoms
  5 kobold brigands
  6 bullfrogs
  A gnoll sergeant (D:6)
  5 scorpions
  A wight (D:7)
  3 troll zombies (D:9)
  10 killer bees
  8 jellies
  6 electric eels
  5 howler monkeys
  6 lava snakes
  3 crimson imps (D:9)
  18 orc priests
  2 gnoll boudas
  3 hounds
  A sleepcap (D:5)
  An iguana (D:5)
  17 orc wizards
  4 hell rats (Lair:1)
  3 ogre zombies (D:9)
  8 mummies (Ossuary)
  4 river rats (Sewer)
  16 adders
  13 gnolls
  A shadow imp (D:6)
  2 white imps
  5 ufetubi
  3 worms (D:2)
  2 dart slugs (D:1)
  95 orcs
  9 endoplasms
  4 giant cockroaches
  2 gnoll zombies (Ossuary)
  9 goblins
  A hobgoblin (D:4)
  5 jackals
  26 kobolds
  3 quokkas
  7 ball pythons
  2 bats
  6 frilled lizards
  3 goblin skeletons (D:9)
  2 goblin zombies (D:9)
  A hobgoblin skeleton (D:9)
  2 hobgoblin zombies
  3 kobold zombies (Ossuary)
  3 orc skeletons (D:9)
  17 orc zombies
  13 rats
  A spectral orc (D:6)
606 creatures vanquished.

Vanquished Creatures (others)
  An orc priest (Orc:2)
  23 fungi
  31 plants
55 creatures vanquished.

Grand Total: 661 creatures vanquished

Notes
Turn   | Place    | Note
-------+----------+-------------------------------------------
     0 | D:1      | arghonaut the Gargoyle Earth Elementalist began the quest
                  | for the Orb.
     0 | D:1      | Reached XP level 1. HP: 10/10 MP: 3/3
   140 | D:1      | Reached XP level 2. HP: 13/15 MP: 3/5
   141 | D:1      | Reached skill level 4 in Earth Magic
   601 | D:1      | Reached XP level 3. HP: 17/19 MP: 4/6
  1048 | D:2      | Found Ramideq's General Store.
  1055 | D:2      | Bought a scroll of teleportation for 36 gold pieces
  1725 | D:2      | Reached XP level 4. HP: 24/24 MP: 4/8
  1870 | D:2      | Reached skill level 5 in Earth Magic
  2536 | D:3      | Reached XP level 5. HP: 28/28 MP: 5/10
  2786 | D:3      | Found a snail-covered altar of Cheibriados.
  3047 | D:4      | Reached skill level 6 in Earth Magic
  3114 | D:4      | Found a bloodstained altar of Trog.
  3168 | D:4      | Learned a level 3 spell: Stone Arrow
  3171 | D:4      | Learned a level 2 spell: Passwall
  3279 | D:4      | Reached XP level 6. HP: 32/32 MP: 9/12
  3380 | D:4      | Found a staircase to the Ecumenical Temple.
  3391 | D:4      | Reached skill level 1 in Conjurations
  3392 | Temple   | Entered the Ecumenical Temple
  3452 | Temple   | Became a worshipper of Vehumet
  3495 | D:4      | Noticed a two-headed ogre
  3635 | D:5      | Entered Level 5 of the Dungeon
  3642 | D:5      | Reached XP level 7. HP: 26/36 MP: 7/14
  3741 | D:5      | Noticed a wraith
  3754 | D:5      | Killed a wraith
  3755 | D:5      | Reached skill level 5 in Spellcasting
  3755 | D:5      | Reached skill level 7 in Earth Magic
  3936 | D:5      | Reached XP level 8. HP: 26/41 MP: 10/16
  4011 | D:5      | Found a glowing drain.
  4020 | Sewer    | Entered a sewer
  4197 | Sewer    | Reached * piety under Vehumet
  4197 | Sewer    | Offered knowledge of Magic Dart by Vehumet.
  4351 | Sewer    | Reached skill level 8 in Earth Magic
  4857 | D:5      | Reached skill level 5 in Conjurations
  4991 | D:5      | Reached skill level 1 in Fighting
  5392 | D:4      | Reached ** piety under Vehumet
  5392 | D:4      | Offered knowledge of Kiss of Death by Vehumet.
  5569 | D:6      | Identified the ring "Rijoep" {Fly rElec rN++ Dex+6 Slay-5}
  5635 | D:6      | Reached XP level 9. HP: 52/52 MP: 14/18
  5683 | D:6      | Reached skill level 5 in Fighting
  5772 | D:6      | Found an ornate altar of the Wu Jian Council.
  6143 | D:6      | Found a hazy altar of Hepliaklqana.
  6145 | D:6      | Offered knowledge of Frozen Ramparts by Vehumet.
  6826 | D:7      | Found a sand-covered staircase.
  6831 | Ossuary  | Entered an ossuary
  6844 | Ossuary  | Reached *** piety under Vehumet
  7257 | D:7      | Found a hide-covered altar of Uskayaw.
  7389 | D:7      | Offered knowledge of Volatile Blastmotes by Vehumet.
  7394 | D:7      | Learned a level 3 spell: Mephitic Cloud
  7412 | D:7      | Found Nisheiwa's Antique Weapon Boutique.
  7960 | D:7      | Reached skill level 10 in Fighting
  7960 | D:7      | Reached XP level 10. HP: 68/68 MP: 17/19
  7982 | D:7      | Found a white marble altar of Elyvilon.
  8328 | D:8      | Reached **** piety under Vehumet
  8604 | D:8      | Offered knowledge of Airstrike by Vehumet.
  8610 | D:8      | Learned a level 4 spell: Airstrike
  8916 | D:8      | Noticed Grum
  9164 | D:8      | Killed Grum
  9165 | D:8      | Reached skill level 5 in Dodging
  9518 | D:8      | Found an opulent altar of Gozag.
  9724 | D:9      | Found a glowing golden altar of the Shining One.
  9782 | D:9      | Found a shadowy altar of Dithmenos.
  9839 | D:9      | Found a staircase to the Orcish Mines.
  9962 | D:9      | Reached ***** piety under Vehumet
 10094 | D:9      | Reached XP level 11. HP: 57/72 MP: 17/20
 10142 | D:9      | Offered knowledge of Iron Shot by Vehumet.
 10303 | D:9      | Learned a level 6 spell: Iron Shot
 10373 | D:9      | Noticed a two-headed ogre
 10379 | D:9      | Killed a two-headed ogre
 10633 | D:9      | Found a broken altar of Ashenzari.
 10633 | D:9      | Found a blossoming altar of Fedhas.
 10710 | D:9      | Found a shimmering altar of Xom.
 10868 | D:9      | Found a stormy altar of Qazlal.
 10874 | D:9      | Found a shimmering blue altar of Sif Muna.
 10913 | D:10     | Entered Level 10 of the Dungeon
 10998 | D:10     | Found a staircase to the Lair.
 11143 | D:10     | Noticed a boulder beetle
 11172 | D:10     | Killed a boulder beetle
 11371 | D:10     | Reached skill level 9 in Earth Magic
 11550 | D:10     | Identified the amulet of Absolutism {Acrobat Fly rC++ rCorr
                  | Str-3}
 11602 | D:10     | Noticed an oklob plant
 11737 | D:10     | Noticed a cyclops
 11751 | D:10     | Killed a cyclops
 11773 | D:10     | Reached skill level 10 in Earth Magic
 12324 | D:10     | Killed an oklob plant
 12325 | D:10     | Reached XP level 12. HP: 59/77 MP: 11/23
 12410 | Lair:1   | Entered Level 1 of the Lair of Beasts
 12430 | Lair:1   | Found an opulent altar of Gozag.
 12886 | Lair:1   | Reached skill level 11 in Earth Magic
 13903 | Lair:2   | Noticed a four-headed hydra
 14087 | Lair:2   | Reached skill level 10 in Conjurations
 14095 | Lair:2   | Noticed Amaemon
 14103 | Lair:2   | Killed Amaemon
 14310 | Lair:2   | Found a hole to the Spider Nest.
 14464 | Lair:2   | Reached skill level 12 in Earth Magic
 14842 | Lair:2   | Killed a four-headed hydra
 14944 | Lair:2   | Reached XP level 13. HP: 79/82 MP: 15/26
 15004 | Lair:2   | Found a staircase to the Swamp.
 15272 | Lair:3   | Learned a level 5 spell: Irradiate
 15682 | Lair:3   | Reached skill level 10 in Spellcasting
 15767 | Lair:3   | Offered knowledge of Lee's Rapid Deconstruction by Vehumet.
 15768 | Lair:3   | Reached skill level 13 in Earth Magic
 15784 | Lair:3   | Learned a level 5 spell: Lee's Rapid Deconstruction
 16631 | Lair:4   | You are sucked into a shaft and drop 1 floor!
 16631 | Lair:5   | Entered Level 5 of the Lair of Beasts
 16729 | Lair:4   | Found a staircase to the Slime Pits.
 16729 | Lair:4   | Found a viscous altar of Jiyva.
 17326 | Lair:4   | Noticed an azure jelly
 17345 | Lair:4   | Killed an azure jelly
 17346 | Lair:4   | Reached skill level 1 in Transmutations
 18466 | Lair:5   | Reached skill level 14 in Earth Magic
 19182 | Lair:5   | Gained mutation: Your large and strong wings let you fly.
                  | [Gargoyle growth]
 19182 | Lair:5   | Reached XP level 14. HP: 88/88 MP: 28/28
 19517 | Lair:5   | Reached skill level 5 in Transmutations
 19594 | Lair:5   | Found a large runed translucent door.
 19594 | Lair:5   | Found a large runed translucent door.
 19684 | Lair:5   | Offered knowledge of Eringya's Noxious Bog by Vehumet.
 20318 | Orc:1    | Entered Level 1 of the Orcish Mines
 20651 | Orc:1    | Found Remoak's Overcharged Wands.
 20652 | Orc:1    | Noticed Erolcha
 20654 | Orc:1    | Killed Erolcha
 20879 | Orc:2    | Entered Level 2 of the Orcish Mines
 20911 | Orc:2    | Noticed an orc warlord
 21371 | Orc:2    | Killed an orc warlord
 21671 | Orc:2    | Killed from afar by a smoke demon

Illustrated notes

Levels and vault maps discovered:
D:1:      kilobyte_arrival_exit_the_forest, layout_loops_ring,
          minmay_split_cup_small
D:2:      layout_basic, serial_shops, nicolae_shop_waterfront,
          kennysheep_generic_room_14
D:3:      layout_basic, mainiacjoe_overflow_alcove_2, grunt_decor_cap
D:4:      layout_cave_pools, mainiacjoe_overflow_concentric_impassable,
          minmay_temple_entry_ruins, minivault_23
D:5:      layout_rooms, cheibrodos_sewer_entry_drain
D:6:      layout_loops_cross, nicolae_hepliaklqana_monster_ancestors,
          nicolae_wu_jian_immortal_techniques, serial_glass, glass_columns_a,
          glass_columns_a, glass_columns_a, glass_columns_a, grunt_ministairs_13
D:7:      layout_basic, lemuel_coloured_pillars_altar,
          mainiacjoe_overflow_chevrons, nicolae_ossuary_entry_plus,
          serial_shops, nicolae_shop_tiny_waterfront, corexii_leaking_fountain,
          kennysheep_generic_room_11
D:8:      layout_loops_corners, nicolae_gozag_seed_capital, kennysheep_doodads,
          kennysheep_generic_room_13, uniq_grum
D:9:      layout_roguey [special_room_orc], nicolae_tso_carved_into_rock,
          mainiacjoe_overflow_boulevard, led_xom_imps, minitemple,
          mainiacjoe_overflow_catwalk_spiral, zombieorc2_lemuel
D:10:     layout_basic, dpeg_oklobed_lair, kennysheep_kite_vault
D:11:     layout_long_grid
Temple:   nicolae_temple_colour_theory
Lair:1:   layout_cave_pods, basic_altar, lightli_volcano_entry_magma_tube,
          st_stairs_12
Lair:2:   layout_gridlike, nicolae_swamp_entry_splash_gauntlet,
          dummy_spider_entry, evilmike_ambush [evilmike_ambush_outer_corners,
          evilmike_ambush_inner_basic], uniq_amaemon
Lair:3:   layout_cave_pods, grunt_forest_stairs_basic,
          nicolae_quartered_pool_medium
Lair:4:   layout_gridlike, nicolae_slime_entry_slimehenge,
          nicolae_lair_time_for_slime
Lair:5:   cheibrodos_lair_end_hotspot, layout_layer_cave
Orc:1:    layout_diamond_mine, special_room [special_room_bee],
          nicolae_shop_overcharged_wands, uniq_erolcha
Orc:2:    st_orc_mages, layout_caves, serial_shops, shop, basic_altar

Skill      XL: |  1  2  3  4  5  6  7  8  9 10 11 12 13 14 |
---------------+-------------------------------------------+-----
Earth Magic    | 4 5 6 7 8 10 12 14 | 14.0
Spellcasting   | 3 4 5 6 7 9 10 11 | 11.8
Conjurations   | 2 3 6 8 10 12 | 12.0
Fighting       | 4 10 | 10.3
Dodging        | 7 8 |  8.0
Transmutations | 4 6 |  6.0
Stealth        | |  2.1

Action                     |  1- 3 |  4- 6 |  7- 9 | 10-12 | 13-15 || total
---------------------------+-------+-------+-------+-------+-------++-------
  Melee: Dagger            |    27 |    27 |    22 |    28 |    16 ||   120
   Cast: Sandblast         |    48 |    58 |   242 |   467 |   361 ||  1176
         Stone Arrow       |       |     1 |    10 |    73 |    93 ||   177
         Iron Shot         |       |       |       |     3 |    19 ||    22
         Irradiate         |       |       |       |       |     1 ||     1
    Use: Scroll            |       |     1 |     4 |    10 |    10 ||    25
         Potion            |       |       |       |     5 |     2 ||     7
   Stab: Sleeping          |     2 |       |       |     1 |     1 ||     4
 Armour: Robe              |    20 |    28 |    85 |   211 |   214 ||   558
  Dodge: Dodged            |    27 |    15 |   104 |   419 |   393 ||   958
  Block: Buckler           |       |       |       |    37 |    65 ||   102
